 Dungeon Crawl Stone Soup version 0.30.0-29-ga12c61a403 (webtiles) character file.

Game seed: 17325815700708202262

3867 Heoruswealwe the Thaumaturge (level 9, -1/67 HPs)
             Began as a Deep Elf Earth Elementalist on June 20, 2023.
             Was a Believer of Vehumet.
             Slain by a yak (5 damage)
             ... on level 9 of the Dungeon on June 22, 2023.
             The game lasted 01:59:53 (7280 turns).

Heoruswealwe the Thaumaturge (DEEE)                 Turns: 7280, Time: 01:59:57

Health: -1/67      AC: 24    Str:  2 (5)  XL:     9   Next: 99%
Magic:  22/28      EV:  2    Int: 25      God:    Vehumet [**....]
Gold:   186        SH:  0    Dex: 15      Spells: 24/34 levels left

rFire   . . .        b - +4 war axe (freeze)
rCold   . . .        (no shield)
rNeg    . . .        c - melded +0 robe
rPois   +            g - melded +0 helmet
rElec   .            (cloak currently unavailable)
rCorr   .            (gloves currently unavailable)
SInv    .            (boots currently unavailable)
Will    .....        (no amulet)
Stlth   ++           k - ring of wizardry
HPRegen 0.31/turn    j - ring of poison resistance
MPRegen 0.21/turn

%: wizardry (x1)
@: tree-form
A: stationary, stasis, torment immunity, boosted hp
a: Renounce Religion


You were on level 9 of the Dungeon.
You worshipped Vehumet.
Vehumet was pleased with you.
You were a tree.
You visited 2 branches of the dungeon, and saw 10 of its levels.

You collected 473 gold pieces.
You spent 287 gold pieces at shops.

Inventory:

Hand Weapons
 b - a +4 war axe of freezing (weapon)
Armour
 c - a +0 robe (melded)
 g - a +0 helmet (melded)
Jewellery
 j - a ring of poison resistance (right branch)
 k - a ring of wizardry (left branch)
 y - a ring of magical power
Wands
 v - a wand of digging (8)
 w - a wand of roots (13)
 C - a wand of flame (30)
Scrolls
 d - a scroll of immolation {unknown}
 e - 3 scrolls of enchant armour {unknown}
 f - a scroll of poison {unknown}
 n - 2 scrolls of teleportation
 p - 2 scrolls of acquirement {unknown}
 s - 2 scrolls of fog
 G - a scroll of enchant weapon {unknown}
 H - 2 scrolls of magic mapping {unknown}
Potions
 a - 2 potions of resistance {unknown}
 i - 2 potions of cancellation
 l - a potion of lignification
 m - a potion of mutation
 o - a potion of flight {unknown}
 t - a potion of might {unknown}
 u - 2 potions of magic
 z - a potion of ambrosia {unknown}
 I - a potion of brilliance


   Skills:
 - Level 2.4 Dodging
 - Level 2.4 Stealth
 + Level 13.4 Spellcasting
 - Level 1.1 Transmutations
 + Level 11.6 Earth Magic


You had 24 spell levels left.
You knew the following spells:

 Your Spells              Type           Power      Damage    Failure   Level
a - Sandblast             Erth           100%       2d20      1%          1
b - Stone Arrow           Conj/Erth      90%        3d12      1%          3
c - Petrify               Tmut/Erth      48%        N/A       1%          4
z - Passwall              Tmut/Erth      40%        N/A       1%          2

Your spell library contained the following spells:

 Spells                   Type           Power      Damage    Failure   Level
 Shock                    Conj/Air       64%        1d7       1%          1
 Necrotise                Necr           64%        1d7       1%          1
 Ensorcelled Hibernation  Hex/Ice        32%        N/A       2%          2
 Ignite Poison            Fire/Tmut/Pois 18%        N/A       3%          3
 Swiftness                Air            16%        N/A       4%          3
 Vampiric Draining        Necr           16%        2d7       4%          3
 Sticky Flame             Conj/Fire      16%        2d4       14%         4
 Agony                    Necr           16%        N/A       34%         5
 Ignition                 Fire           8%         3d5       100%        8


Dungeon Overview and Level Annotations

Branches:
Dungeon (9/15)             Temple (1/1) D:6             Orc (0/2) D:9
   Lair: D:8-11

Altars:
Ashenzari
Cheibriados
Dithmenos
Elyvilon
Fedhas
Gozag
Hepliaklqana
Kikubaaqudgha
Makhleb
Nemelex Xobeh
Okawaru
Qazlal
Ru
Sif Muna
Trog
Uskayaw
Vehumet
Wu Jian
Xom
Yredelemnul
Zin
The Shining One

Shops:
D:2 ?


Message History

Casting: Sandblast (safe; 1% risk of failure)
Confirm with . or Enter, or press ? or * to list all spells.
Aiming: Sandblast (safe; 1% risk of failure)
Press: ? - help, Shift-Dir - straight line, f/p - yak
Aim: a yak (lightly wounded, 91% to hit)
The blast of sand hits the yak.
The yak is moderately wounded.
The yak gores you!
* * * LOW HITPOINT WARNING * * *
Really quaff the potion of lignification?
You turn into a tree.
Your +0 helmet melds into your body.
Your +0 robe melds into your body.
Your roots penetrate the ground.
The yak gores you but does no damage.
Casting: Sandblast (safe; 1% risk of failure)
Confirm with . or Enter, or press ? or * to list all spells.
Aiming: Sandblast (safe; 1% risk of failure)
Press: ? - help, Shift-Dir - straight line, f/p - yak
Aim: a yak (moderately wounded, 91% to hit)
The blast of sand hits the yak!!
The yak is severely wounded.
The yak gores you but does no damage. x2
Casting: Sandblast (safe; 1% risk of failure)
Confirm with . or Enter, or press ? or * to list all spells.
Aiming: Sandblast (safe; 1% risk of failure)
Press: ? - help, Shift-Dir - straight line, f/p - yak
Aim: a yak (severely wounded, 91% to hit)
The blast of sand hits the yak.
The yak is almost dead.
The yak gores you!
* * * LOW HITPOINT WARNING * * *
Casting: Sandblast (safe; 1% risk of failure)
Confirm with . or Enter, or press ? or * to list all spells.
Aiming: Sandblast (safe; 1% risk of failure)
Press: ? - help, Shift-Dir - straight line, f/p - yak
Aim: a yak (almost dead, 91% to hit)
The blast of sand hits the yak!
You kill the yak!
Vehumet accepts your kill. The yak gores you.
You die...

Y....##..)...Y.........'..##.....
##### #......##........##.##)....
#......##.........#.#######
############Y#..#.#.#
###.#..#.#.# #...#..#[###
#)######.# #Y# #.# #♣# #.#
#.######.# #........# ##########


You could see a yak.

Vanquished Creatures
  Prince Ribbit (D:5)
  Grinder (D:4)
  5 yaks (D:9)
  A steam dragon (D:7)
  Menkaure (D:4)
  A water moccasin (D:5)
  3 orc warriors
  An ogre (D:6)
  4 centaurs
  2 kobold brigands
  3 bullfrogs
  3 scorpions
  8 wights
  2 hounds
  2 jellies
  5 orc priests
  A gnoll bouda (D:7)
  3 iguanas
  Natasha (thrice) (D:4)
  8 orc wizards
  Robin (D:4)
  An adder (D:6)
  16 gnolls
  A white imp (D:7)
  An ufetubus (D:6)
  2 dart slugs
  22 orcs
  2 ball pythons
  7 endoplasms
  4 giant cockroaches
  10 goblins
  10 hobgoblins
  8 jackals
  2 quokkas
  2 training dummies (D:5)
  A bat (D:1)
  15 kobolds
  27 rats
190 creatures vanquished.

Notes
Turn   | Place    | Note
-------+----------+-------------------------------------------
     0 | D:1      | Heoruswealwe the Deep Elf Earth Elementalist began the
                  | quest for the Orb.
     0 | D:1      | Reached XP level 1. HP: 10/10 MP: 6/6
   357 | D:1      | Reached XP level 2. HP: 15/15 MP: 5/8
   360 | D:1      | Learned a level 2 spell: Passwall
   639 | D:1      | Reached skill level 4 in Spellcasting
   676 | D:1      | Reached XP level 3. HP: 19/19 MP: 6/10
   680 | D:1      | Learned a level 3 spell: Stone Arrow
   865 | D:1      | Found a faded altar of an unknown god.
   924 | D:2      | Found Tosoydgh's Magic Scroll Boutique.
   954 | D:2      | Bought a scroll of identify for 28 gold pieces
   954 | D:2      | Bought a scroll of identify for 28 gold pieces
  1989 | D:2      | Bought a scroll of teleportation for 42 gold pieces
  1989 | D:2      | Bought 2 scrolls of noise for 28 gold pieces
  2246 | D:3      | Reached XP level 4. HP: 24/24 MP: 6/12
  2251 | D:3      | Learned a level 4 spell: Petrify
  2442 | D:3      | Reached skill level 5 in Spellcasting
  2832 | D:4      | Noticed Natasha
  2837 | D:4      | Killed Natasha
  2838 | D:4      | Reached skill level 5 in Earth Magic
  2838 | D:4      | Reached XP level 5. HP: 25/28 MP: 10/14
  2977 | D:4      | Noticed Menkaure
  2990 | D:4      | Killed Menkaure
  2991 | D:4      | Reached skill level 6 in Spellcasting
  2991 | D:4      | Reached XP level 6. HP: 18/32 MP: 9/17
  3052 | D:4      | Noticed Robin
  3060 | D:4      | Killed Robin
  3128 | D:4      | Noticed Grinder
  3133 | D:4      | Killed Grinder
  3134 | D:4      | Reached skill level 7 in Spellcasting
  3134 | D:4      | Reached XP level 7. HP: 32/36 MP: 6/20
  3237 | D:4      | Noticed Natasha
  3241 | D:4      | Killed Natasha
  3297 | D:4      | Noticed Natasha
  3301 | D:4      | Killed Natasha
  3564 | D:5      | Entered Level 5 of the Dungeon
  3672 | D:5      | Reached skill level 8 in Spellcasting
  3736 | D:5      | Found a shimmering altar of Xom.
  4007 | D:5      | Noticed Prince Ribbit
  4014 | D:5      | Killed Prince Ribbit
  4015 | D:5      | Reached skill level 9 in Spellcasting
  4143 | D:5      | Reached XP level 8. HP: 41/41 MP: 20/23
  4543 | D:6      | Found a staircase to the Ecumenical Temple.
  4603 | Temple   | Entered the Ecumenical Temple
  4847 | Temple   | Became a worshipper of Vehumet
  5012 | D:2      | Bought a scroll of blinking for 105 gold pieces
  5012 | D:2      | Bought a scroll of fog for 56 gold pieces
  5156 | D:6      | Reached skill level 10 in Spellcasting
  5348 | D:6      | Reached skill level 11 in Spellcasting
  5640 | D:7      | Reached * piety under Vehumet
  5640 | D:7      | Offered knowledge of Foxfire by Vehumet.
  5641 | D:7      | Reached XP level 9. HP: 45/45 MP: 20/26
  5816 | D:7      | Reached skill level 10 in Earth Magic
  6131 | D:7      | Found a basalt altar of Yredelemnul.
  6414 | D:7      | Reached skill level 12 in Spellcasting
  6564 | D:8      | Found an opulent altar of Gozag.
  6711 | D:8      | Reached ** piety under Vehumet
  6844 | D:8      | Offered knowledge of Shock by Vehumet.
  7130 | D:9      | HP: 2/45 [yak (15)]
  7139 | D:9      | Reached skill level 13 in Spellcasting
  7144 | D:9      | Found a staircase to the Orcish Mines.
  7164 | D:9      | Found an iron altar of Okawaru.
  7280 | D:9      | Slain by a yak

Illustrated notes

Levels and vault maps discovered:
D:1:      dpeg_arrival_windows_large_door, layout_loops_corners,
          shapermc_ecumenical_altar_hornbeckon
D:2:      layout_basic, serial_shops, nicolae_shop_statue_plus,
          minmay_misc_feat_diagonals, minmay_rat_hole
D:3:      layout_basic, kennysheep_flooded_box
D:4:      layout_basic, serial_rivers, chequers_serial_rivers_micro_a,
          chequers_serial_rivers_micro_d, chequers_serial_rivers_marsh,
          chequers_serial_rivers_small_3, chequers_serial_rivers_small_a,
          chequers_serial_rivers_room_b, uniq_natasha, uniq_robin,
          uniq_menkaure, uniq_grinder
D:5:      dreamdust_elfheim, layout_loops_ring,
          mainiacjoe_overflow_concentric_impassable, kennysheep_generic_room_4,
          uniq_prince_ribbit1
D:6:      layout_basic, minmay_temple_entry_large_hall
D:7:      layout_basic, mainiacjoe_overflow_boulevard
D:8:      layout_cave_pools, mainiacjoe_overflow_tiny_flanked,
          minmay_misc_feat_rows
D:9:      kennysheep_blocky_hall, layout_basic, okawaru_trees_1, orc_0_dummy
Temple:   dpeg_five_rooms_temple

Skill      XL: |  1  2  3  4  5  6  7  8  9 |
---------------+----------------------------+-----
Spellcasting   | 4 5 6 7 9 11 13 | 13.4
Earth Magic    | 4 5 6 7 9 11 | 11.6
Dodging        | |  2.4
Stealth        | |  2.4
Transmutations | |  1.1

Action                     |  1- 3 |  4- 6 |  7- 9 || total
---------------------------+-------+-------+-------++-------
  Melee: Unarmed           |    23 |       |       ||    23
         War axe           |       |       |   367 ||   367
         Punch             |       |       |    10 ||    10
   Cast: Sandblast         |    74 |    61 |   162 ||   297
         Passwall          |     3 |     1 |     4 ||     8
         Stone Arrow       |       |       |     8 ||     8
    Use: Scroll            |     4 |       |     3 ||     7
         Potion            |       |     1 |     4 ||     5
 Armour: Robe              |    14 |     6 |    13 ||    33
         Skin              |       |       |     3 ||     3
  Dodge: Dodged            |    31 |    14 |    39 ||    84
